 Dungeon Crawl Stone Soup version 0.29-a0-275-g389c0b56f3 (webtiles) character file.

Game seed: 9395999119988946886

83 smarlow the Skirmisher (level 4, 0/41 HPs)
             Began as a Minotaur Fighter on Mar 9, 2022.
             Killed from afar by an orc wizard (11 damage)
             ... with a puff of flame
             ... on level 3 of the Dungeon.
             The game lasted 00:01:32 (2335 turns).

smarlow the Skirmisher (Minotaur Fighter)           Turns: 2335, Time: 00:01:33

Health: 0/41       AC:  7    Str: 22    XL:     4   Next: 22%
Magic:  3/3        EV:  9    Int:  5    God:
Gold:   94         SH:  0    Dex: 10    Spells: 3/3 levels left

rFire   . . .      SeeInvis .   a - +0 war axe
rCold   . . .      Faith    .   c - +0 buckler
rNeg    . . .      Spirit   .   b - +0 scale mail
rPois   .          Reflect  .   (helmet restricted)
rElec   .          Harm     .   (no cloak)
rCorr   .          Rampage  .   (no gloves)
Will    .....                   (no boots)
Stlth   ..........              (no amulet)
HPRegen 0.13/turn               (no ring)
MPRegen 0.08/turn               (no ring)

@: confused
A: horns 2, retaliatory headbutt
a: no special abilities


You were on level 3 of the Dungeon.
You visited 1 branch of the dungeon, and saw 3 of its levels.

You collected 94 gold pieces.

Inventory:

Hand Weapons
 a - a +0 war axe (weapon)
Armour
 b - a +0 scale mail (worn)
 c - a +0 buckler (worn)
Jewellery
 i - a ring of willpower
Scrolls
 e - 4 scrolls of identify {unknown}
 g - a scroll of immolation {unknown}
 h - a scroll of noise {unknown}
 j - a scroll of blinking {unknown}
 k - a scroll of enchant armour {unknown}
 m - a scroll of teleportation {unknown}
Potions
 d - a potion of might
 f - a potion of curing {unknown}
 l - a potion of invisibility {unknown}


   Skills:
 + Level 4.4 Fighting
 + Level 3.5 Axes
 + Level 4.4 Armour
 + Level 0.2 Dodging
 + Level 0.1 Stealth
 + Level 4.0 Shields


You had 3 spell levels left.
You didn't know any spells.
Your spell library contained the following spells:

 Spells                   Type           Power      Damage    Failure   Level
 Inner Flame              Hex/Fire       0%         N/A       99%         3
 Cause Fear               Hex            0%         N/A       100%        4
 Discord                  Hex            0%         N/A       100%        8


Dungeon Overview and Level Annotations

Branches:
Dungeon (3/15)

Altars:


Innate Abilities, Weirdness & Mutations

You have a pair of horns on your head.
You reflexively headbutt those who attack you in melee.


Message History

You are too confused!
You are too confused!
You miss the orc wizard. Your headbutt misses the orc wizard.
The orc wizard is lightly wounded.
You barely miss something.
The orc wizard hits you but does no damage.
Something hits you but does no damage.
You miss the orc wizard.
The orc wizard is lightly wounded.
You completely miss something. The orc wizard barely misses you.
Something hits you. The orc wizard closely misses you.
You hear some strange, mumbled words.
You are more confused.
Found a scale mail.
Something hits you but does no damage.
You miss something. You hit the orc wizard.
The orc wizard hits you with a +0 dagger.
Something hits you. Something hits you.
The orc wizard gestures at you while chanting.
You are more confused.
Something hits you.
The orc wizard hits you but does no damage.
The orc wizard attacks as you move away!
The orc wizard barely misses you. Something hits you.
The orc wizard hits you but does no damage.
Items here: )) [ †.
The orc wizard hits you with a +0 dagger.
Something completely misses you. The orc wizard closely misses you.
The orc wizard attacks as you move away!
The orc wizard hits you with a +0 dagger.
The orc wizard points at you and mumbles some strange words.
You are more confused.
You bump into the rock wall.
Something hits you but does no damage.
You bump into the rock wall.
The orc wizard hits you with a +0 dagger.
* * * LOW HITPOINT WARNING * * *
Something hits you but does no damage. The orc wizard casts a spell at you.
The puff of flame hits you!
You die...

#### #..####### #######
##.......#######.....#
#...###......@......#####
###.###########o.).......
#..†# #..)......[
#######.### #........>.
#.).# #...### ######.....
#...# ###...#########
..... #...# ###.##.......
.... #...#######...<###
.... #................#
...


You could see an orc wizard.

Vanquished Creatures
  An orc wizard (D:3)
  A gnoll (D:1)
  An adder (D:2)
  A dart slug (D:3)
  2 orcs (D:3)
  6 ball pythons
  A bat (D:3)
  4 endoplasms
  3 giant cockroaches
  5 goblins
  2 hobgoblins
  2 frilled lizards (D:2)
  3 kobolds
  2 rats (D:2)
34 creatures vanquished.

Notes
Turn   | Place    | Note
-------+----------+-------------------------------------------
     0 | D:1      | smarlow the Minotaur Fighter began the quest for the Orb.
     0 | D:1      | Reached XP level 1. HP: 19/19 MP: 0/0
   370 | D:1      | Reached XP level 2. HP: 27/27 MP: 1/1
   751 | D:1      | You fall into a shaft and drop 1 floor!
  1532 | D:2      | Reached XP level 3. HP: 33/33 MP: 2/2
  2318 | D:3      | Reached XP level 4. HP: 31/41 MP: 3/3
  2335 | D:3      | Killed from afar by an orc wizard

Illustrated notes

Levels and vault maps discovered:
D:1:      ebering_trefoil_twist, layout_basic, corexii_hall_statues_i
D:2:      wander_river, layout_basic, minivault_11,
          chequers_serial_rivers_small_a
D:3:      layout_rooms, hellmonk_ecumenical_altar_arch_garden

Skill      XL: |  1  2  3 |
---------------+----------+-----
Fighting       | 4 |  4.4
Armour         | 4 |  4.4
Axes           | 3 |  3.5
Shields        | 4 |  4.0
Dodging        | |  0.2
Stealth        | |  0.1

Action                   |  1- 3 |  4- 6 || total
-------------------------+-------+-------++-------
Melee: War axe           |    63 |     6 ||    69
       Headbutt          |     9 |     1 ||    10
Armor: Scale mail        |    23 |    10 ||    33
Dodge: Dodged            |    34 |     5 ||    39
Block: Buckler           |    11 |     1 ||    12

Table legend: (Time is in decaauts)
 A = Elapsed time spent in this place.
 B = Non-inter-level travel time spent in this place.
 C = Inter-level travel time spent in this place.
 D = Time resting spent in this place.
 E = Time spent auto-exploring this place.
 F = Levels seen in this place.
 G = Mean time per level.
                   A        B        C        D        E       F      G
               +--------+--------+--------+--------+--------+-----+--------+
         Total |   2398 |   2329 |     69 |    194 |   1881 |   3 |  799.3 |
       Dungeon |   2398 |   2329 |     69 |    194 |   1881 |   3 |  799.3 |
               +--------+--------+--------+--------+--------+-----+--------+

Top non-repeatable levels by time:
     D:1: 1166 daAuts
     D:2: 1090 daAuts
     D:3: 142 daAuts
